 Dungeon Crawl Stone Soup version 0.30-a0-956-gcec3b41aec (webtiles) character file.

Game seed: 6177669355047747577

14555 GloriousHammer the Grappler (level 11, -3/99 (111) HPs)
             Began as a Troll Fighter on Mar 29, 2023.
             Was a Follower of Wu Jian.
             Slain by a death scarab (11 damage)
             ... in a Gauntlet.
             The game lasted 00:27:02 (12376 turns).

GloriousHammer the Grappler (Troll Fighter)        Turns: 12376, Time: 00:27:03

HP:   -3/99 (111)   AC:  9    Str: 26    XL:     11   Next: 90%
MP:   10/10         EV: 10    Int:  8    God:    Wu Jian [*.....]
Gold: 618           SH: 11    Dex:  9    Spells: 8/10 levels left

rFire   . . .      SeeInvis .      - Unarmed
rCold   . . .      Faith    .    b - +1 kite shield of Existentialism {rElec rC- Will+ rCorr}
rNeg    . . .      Spirit   .    F - +0 steam dragon scales
rPois   +          Reflect  .    (helmet restricted)
rElec   +          Rampage  .    l - +1 cloak {rPois}
rCorr   +          NoTele   +    (gloves unavailable)
Will    +....                    (boots unavailable)
Stlth   +                        (no amulet)
HPRegen 1.16/turn                C - ring of protection from cold
MPRegen 0.12/turn                (no ring)

@: slowed, heavily drained, very slow
A: large, unfitting armour, claws 3, regeneration 1, shaggy fur 1, tough skin 1
a: Renounce Religion


You were in a Gauntlet.
You worshipped Wu Jian.
Wu Jian was aware of your devotion.
You visited 3 branches of the dungeon, and saw 13 of its levels.
You also visited: Sewer and Gauntlet.

You collected 618 gold pieces.

Inventory:

Missiles
 d - 2 poisoned darts
 e - 14 stones (quivered)
 k - 9 boomerangs
 m - a boomerang of dispersal
 D - 2 javelins
Armour
 b - the +1 kite shield of Existentialism (worn) {rElec rC- Will+ rCorr}
   (You found it on level 2 of the Dungeon)

   rC:        It makes you vulnerable to cold.
   rElec:     It insulates you from electricity.
   rCorr:     It protects you from acid and corrosion.
   Will:      It increases your willpower.
 l - a +1 cloak of poison resistance (worn)
 F - +0 steam dragon scales (worn)
 K - a +0 troll leather armour
Jewellery
 c - a ring of ice
 C - a ring of protection from cold (left claw)
 L - a ring of flight
 R - a ring of resist corrosion
Wands
 s - a wand of roots (8)
 G - a wand of digging (6)
 J - a wand of charming (1)
 M - a wand of polymorph (10)
 O - a wand of light (4)
Scrolls
 a - a scroll of immolation
 f - a scroll of blinking
 i - 4 scrolls of teleportation
 j - a scroll of silence {unknown}
 n - 2 scrolls of vulnerability
 t - 6 scrolls of fog
 v - 4 scrolls of fear
 A - a scroll of enchant armour
 E - 2 scrolls of torment
 N - a scroll of amnesia
Potions
 g - 5 potions of attraction
 p - 5 potions of curing
 q - a potion of resistance
 r - 3 potions of flight {unknown}
 u - 2 potions of mutation {unknown}
 w - 3 potions of heal wounds {unknown}
 z - a potion of berserk rage {unknown}
 B - 4 potions of might
 H - a potion of cancellation {unknown}
Miscellaneous
 h - a phial of floods


   Skills:
 + Level 8.1 Fighting
 + Level 6.3 Dodging
 + Level 8.9 Shields
 * Level 13.0 Unarmed Combat


You had 8 spell levels left.
You knew the following spells:

 Your Spells              Type           Power      Damage    Failure   Level
a - Wereblood             Tmut           0%         N/A       77%         2

Your spell library contained the following spells:

 Spells                   Type           Power      Damage    Failure   Level
 Freeze                   Ice            0%         1d3       63%         1
 Magic Dart               Conj           0%         1d3       63%         1
 Cigotuvi's Dreadful Rot  Necr/Pois/Air  0%         N/A       77%         2
 Poisonous Vapours        Pois/Air       0%         N/A       77%         2
 Searing Ray              Conj           0%         2d4       77%         2
 Sublimation of Blood     Necr           0%         N/A       77%         2
 Dazzling Flash           Conj/Hex       0%         N/A       94%         3
 Frozen Ramparts          Ice            0%         1d1       94%         3
 Gell's Gravitas          Tloc           0%         N/A       94%         3
 Hailstorm                Conj/Ice       0%         3d3       94%         3
 Inner Flame              Hex/Fire       0%         N/A       94%         3
 Mephitic Cloud           Conj/Pois/Air  0%         N/A       94%         3
 Teleport Other           Tloc           0%         N/A       94%         3
 Flame Wave               Conj/Fire      0%         2d4       100%        4
 Fulminant Prism          Conj/Hex       0%         3d5       100%        4
 Ice Form                 Ice/Tmut       0%         N/A       100%        4
 Sticky Flame             Conj/Fire      0%         2d3       100%        4
 Agony                    Necr           0%         N/A       100%        5
 Silence                  Hex/Air        0%         N/A       100%        5
 Dispersal                Tloc           0%         N/A       100%        6
 Simulacrum               Ice/Necr       0%         N/A       100%        6
 Summon Hydra             Summ           0%         N/A       100%        7


Dungeon Overview and Level Annotations

Branches:
Dungeon (9/15)             Temple (1/1) D:5            Lair (3/5) D:9
 Shoals (0/4) Lair:3       Spider (0/4) Lair:2        Sewer (visited)
Gauntlet (1/1)
    Orc: D:9-12

Altars:
Ashenzari
Cheibriados
Dithmenos
Elyvilon
Fedhas
Gozag
Makhleb
Nemelex Xobeh
Okawaru
Qazlal
Ru
Sif Muna
Trog
Uskayaw
Vehumet
Wu Jian
Yredelemnul
Zin
The Shining One

Annotations:
D:7 exclusion: downstairs
D:8 2 transporters, 3 runed translucent doors, SpyderV's ghost, novice MiFi Gauntlet 4 runed translucent doors, 9 transporters


Innate Abilities, Weirdness & Mutations

You are too large for most types of armour.
You have claws for hands.
Your natural rate of healing is unusually fast.
You are covered in fur. (AC +1)
You have tough skin. (AC +1)


Message History

The death scarab misses your butterfly.
There is a transporter here.
You enter the transporter and appear at another place.
You start resting.
The death scarab waves its antennae.
Your butterfly disappears in a burst of colours!
You feel yourself speed up.
You start resting.
You feel a little less mighty now.
You start resting.
HP restored.
You start waiting.
The death scarab waves its antennae. x5
Done waiting.
There is a transporter here.
You enter the transporter and appear at another place.
The death scarab waves its antennae.
The death scarab bites you but does no damage.
You block the death scarab's attack. You block the death scarab's attack.
There is a transporter here.
Okay, then.
The death scarab misses you.
You closely miss the death scarab. The death scarab closely misses you.
You block the death scarab's attack.
You claw the death scarab!
The death scarab is heavily damaged.
You block the death scarab's attack. The death scarab closely misses you.
You block the spectral seven-headed hydra's attack. x2
The spectral seven-headed hydra bites you but does no damage.
The spectral seven-headed hydra bites you!
The spectral seven-headed hydra barely misses you.
The spectral seven-headed hydra closely misses you.
The spectral seven-headed hydra bites you.
You feel drained.
Unknown command.
You closely miss the death scarab.
The death scarab is heavily damaged.
The death scarab completely misses you.
The spectral seven-headed hydra closely misses you.
The spectral seven-headed hydra bites you.
The spectral seven-headed hydra bites you but does no damage. x2
You block the spectral seven-headed hydra's attack. x2
The spectral seven-headed hydra bites you!
You spin and attack the spectral seven-headed hydra.
You scratch the spectral seven-headed hydra.
The spectral seven-headed hydra is lightly damaged.
The death scarab misses you.
The spectral seven-headed hydra bites you. x2
You feel drained.
The spectral seven-headed hydra bites you but does no damage.
The spectral seven-headed hydra bites you!
The spectral seven-headed hydra bites you but does no damage.
You block the spectral seven-headed hydra's attack.
The spectral seven-headed hydra bites you but does no damage.
The death scarab bites you!!
The death scarab draws strength from your injuries!
Blink to where?
Press: ? - help, Dir - move target
As you read the scroll of blinking, it crumbles to dust.
You block the death scarab's attack.
The blizzard demon shouts!
You scratch the death scarab.
The death scarab is moderately damaged.
The death scarab bites you.
The death scarab draws strength from your injuries!
You claw the death scarab!
The death scarab is severely damaged.
The death scarab barely misses you.
You spin and attack the spectral seven-headed hydra.
You scratch the spectral seven-headed hydra.
The spectral seven-headed hydra is lightly damaged.
You spin and attack the death scarab repeatedly.
You closely miss the death scarab.
The death scarab is severely damaged.
You scratch the death scarab.
The death scarab is almost destroyed.
The death scarab bites you!
The death scarab draws strength from your injuries!
You block the spectral seven-headed hydra's attack.
The spectral seven-headed hydra bites you. x2
You feel drained.
The spectral seven-headed hydra barely misses you.
The spectral seven-headed hydra bites you but does no damage.
The spectral seven-headed hydra bites you.
* * * LOW HITPOINT WARNING * * *
The spectral seven-headed hydra bites you but does no damage.
You block the death scarab's attack.
The death scarab attacks as you move away!
The death scarab completely misses you. The death scarab bites you!!
* * * LOW HITPOINT WARNING * * *
The death scarab drains your vigour!
You feel yourself slow down.
The death scarab draws strength from your injuries!
The death scarab closely misses you.
Blink to where?
Press: ? - help, Dir - move target
As you read the scroll of blinking, it crumbles to dust.
The death scarab bites you!
You die...

§#≈#§#§#≈#≈#≈#≈#≈#≈#≈#§#≈#≈#≈#≈#§
....§§.................§.§......§
.................................
######..###########..###########.
....##..#..§Z.....#..#.....#...#.
...#4#..#..##.##..#..#..##..#..#.
..#.2#..#!##...##.#..#..#..##..#.
.#...####.#....B#.####?.##..#..#.
#©...#©©#©...©..@.#©©#B.#Z©##..#©
.#...####)#.....#.####..##..#..#.
..#..#..#.##...##.#..#).#..##..#.
...#.#..#..##.##..#..#..##..#..#.
....##..#.........#..#.....#...#.
######..###########..###########.
................................∩
...........................∩..§..
####..#########..#########§§≈#§#≈


You could see a spectral seven-headed hydra and 2 death scarabs.

Vanquished Creatures
  2 catoblepae (Lair:2)
  A skyshark (Lair:2)
  Pikel (D:4)
  A lindwurm (Lair:2)
  An ugly thing (D:7)
  2 black mambas (Lair:2)
  Maurice (D:8)
  An unseen horror zombie (D:8)
  6 cane toads
  4 komodo dragons
  A troll (D:9)
  A polar bear (Lair:2)
  12 blink frogs
  A jumping spider (Lair:2)
  A vampire (D:9)
  Eustachio (D:4)
  Menkaure (D:7)
  A redback (Lair:2)
  4 steam dragons
  Duvessa (D:4)
  6 water moccasins
  2 sky beasts
  An orc warrior (D:8)
  Pargi (Sewer)
  3 wolves (Lair:3)
  3 black bears
  2 lemures (D:4)
  A centaur (D:9)
  A kobold brigand (D:8)
  A phantom (D:7)
  Blork the orc (D:6)
  5 bullfrogs
  A gnoll sergeant (D:9)
  3 scorpions
  3 wights (D:8)
  Dowan (D:4)
  4 killer bees
  2 electric eels (Lair:3)
  2 howler monkeys
  A lava snake (D:8)
  A centaur zombie (D:8)
  A gnoll bouda (D:5)
  A jelly (D:6)
  2 orc priests
  2 hounds
  3 iguanas
  An orc wizard (D:2)
  A statue (D:5)
  11 gnolls
  10 adders
  2 river rats (D:4)
  A shadow imp (D:7)
  2 ufetubi (D:5)
  4 worms
  4 dart slugs
  31 orcs
  13 ball pythons
  7 endoplasms
  3 giant cockroaches
  9 hobgoblins
  5 jackals (D:3)
  9 quokkas
  4 bats
  6 frilled lizards
  5 goblins
  4 kobolds
  12 rats
  A butterfly (Lair:2)
243 creatures vanquished.

Vanquished Creatures (others)
  An orc (D:7)
  5 fungi (Lair:2)
  49 plants
55 creatures vanquished.

Grand Total: 298 creatures vanquished

Notes
Turn   | Place    | Note
-------+----------+-------------------------------------------
     0 | D:1      | GloriousHammer the Troll Fighter began the quest for the
                  | Orb.
     0 | D:1      | Reached XP level 1. HP: 22/22 MP: 0/0
    68 | D:1      | Reached XP level 2. HP: 29/29 MP: 1/1
   577 | D:1      | Reached XP level 3. HP: 36/36 MP: 2/2
   898 | D:2      | Identified the +1 kite shield of Existentialism {rElec rC-
                  | Will+ rCorr}
   942 | D:2      | Found the +1 Delatra's gloves {ID++}
   951 | D:2      | Reached skill level 3 in Unarmed Combat
   958 | D:2      | Reached XP level 4. HP: 17/44 MP: 3/3
  1942 | D:3      | Found a hide-covered altar of Uskayaw.
  1946 | D:3      | Noticed a +0 hand axe
  1947 | D:3      | Noticed a +0 hand axe
  2399 | D:3      | Reached skill level 4 in Unarmed Combat
  2399 | D:3      | Reached XP level 5. HP: 53/53 MP: 4/4
  2410 | D:3      | Learned a level 2 spell: Wereblood
  2440 | D:4      | Noticed a sky beast
  2462 | D:4      | Killed a sky beast
  2494 | D:4      | Noticed a lemure
  2495 | D:4      | Noticed a lemure
  2516 | D:4      | Killed a lemure
  2517 | D:4      | Noticed a lemure
  2521 | D:4      | Noticed Pikel
  2521 | D:4      | Noticed a lemure
  2528 | D:4      | Killed a lemure
  2539 | D:4      | Killed Pikel
  2540 | D:4      | Reached skill level 6 in Unarmed Combat
  2540 | D:4      | Reached XP level 6. HP: 34/62 MP: 5/5
  2540 | D:4      | Reached XP level 7. HP: 39/70 MP: 6/6
  2652 | D:4      | Found a glowing drain.
  2685 | Sewer    | Entered a sewer
  2702 | Sewer    | Noticed Pargi
  2713 | Sewer    | Killed Pargi
  2979 | D:4      | Noticed Duvessa
  2980 | D:4      | Noticed Dowan
  2993 | D:4      | Killed Duvessa
  2994 | D:4      | Reached skill level 5 in Shields
  2994 | D:4      | Reached skill level 7 in Unarmed Combat
  2994 | D:4      | Reached XP level 8. HP: 57/79 MP: 7/7
  2997 | D:4      | Killed Dowan
  3110 | D:4      | Noticed a moth of wrath
  3112 | D:4      | Found a bloodstained altar of Trog.
  3174 | D:4      | Noticed Eustachio
  3191 | D:4      | Killed Eustachio
  3337 | D:5      | Entered Level 5 of the Dungeon
  3481 | D:5      | Reached skill level 5 in Fighting
  3545 | D:5      | Found a shimmering blue altar of Sif Muna.
  3549 | D:5      | Found a staircase to the Ecumenical Temple.
  3580 | Temple   | Entered the Ecumenical Temple
  3724 | D:5      | Found a sparkling altar of Nemelex Xobeh.
  3783 | D:5      | Identified the +7 falchion of Earthquakes {freeze, Int+2
                  | Dex+3}
  4051 | D:5      | Reached skill level 8 in Unarmed Combat
  4142 | D:5      | Found a radiant altar of Vehumet.
  4757 | D:6      | Reached XP level 9. HP: 85/88 MP: 8/8
  4793 | D:6      | Found a sacrificial altar of Ru.
  5169 | D:6      | Noticed Blork the orc
  5183 | D:6      | Killed Blork the orc
  5415 | D:7      | Noticed Menkaure
  5434 | D:7      | Killed Menkaure
  5483 | D:7      | Reached skill level 9 in Unarmed Combat
  5584 | D:7      | Noticed a purple ugly thing
  5600 | D:7      | Killed a purple ugly thing
  5928 | D:7      | Found an opulent altar of Gozag.
  6017 | D:8      | Noticed Maurice
  6246 | D:8      | Reached skill level 10 in Unarmed Combat
  6360 | D:8      | Noticed a kobold demonologist
  6361 | D:8      | Found a transporter.
  6392 | D:8      | Found a transporter.
  6573 | D:8      | Killed Maurice
  6574 | D:8      | Reached XP level 10. HP: 100/100 MP: 9/9
  6811 | D:8      | Found an ornate altar of the Wu Jian Council.
  6811 | D:8      | Found a glowing silver altar of Zin.
  6991 | D:8      | Found a runed translucent gate.
  6991 | D:8      | Found a runed translucent gate.
  6991 | D:8      | Noticed SpyderV's ghost (novice MiFi)
  6992 | D:8      | Found a runed translucent gate.
  6994 | D:8      | Found a basalt altar of Yredelemnul.
  7488 | D:8      | Found a snail-covered altar of Cheibriados.
  7633 | D:8      | Became a worshipper of the Wu Jian Council
  7708 | D:9      | Found a staircase to the Lair.
  8183 | D:9      | Found an iron altar of Okawaru.
  8366 | D:9      | Identified the +6 scale mail of Gozag's Displeasure {rF+
                  | rC+ Regen+ Int+2}
  8495 | Lair:1   | Entered Level 1 of the Lair of Beasts
  8495 | Lair:1   | Noticed a cane toad
  8658 | D:9      | Killed a cane toad
  8659 | D:9      | Reached skill level 11 in Unarmed Combat
  8851 | Lair:1   | Reached skill level 5 in Dodging
  9311 | Lair:1   | Noticed a cane toad
  9320 | Lair:1   | Killed a cane toad
  9321 | Lair:1   | Reached XP level 11. HP: 89/109 MP: 10/10
  9907 | Lair:2   | Noticed a catoblepas
  9925 | Lair:2   | Killed a catoblepas
 10259 | Lair:2   | Noticed a skyshark
 10275 | Lair:2   | Killed a skyshark
 10276 | Lair:2   | Reached skill level 12 in Unarmed Combat
 10661 | Lair:2   | Reached * piety under Wu Jian
 10945 | Lair:2   | Noticed a catoblepas
 10955 | Lair:2   | Killed a catoblepas
 11120 | Lair:2   | Noticed a lindwurm
 11127 | Lair:2   | Killed a lindwurm
 11301 | Lair:2   | Found a hole to the Spider Nest.
 11613 | Lair:3   | Found a staircase to the Shoals.
 11735 | Lair:3   | Found a gate leading to a gauntlet.
 11758 | Lair:3   | Reached skill level 13 in Unarmed Combat
 11765 | Gauntlet | Entered a Gauntlet
 11765 | Gauntlet | Noticed a death scarab
 11765 | Gauntlet | Found a runed translucent door.
 11765 | Gauntlet | Found a transporter.
 11765 | Gauntlet | Found a transporter.
 11765 | Gauntlet | Found a runed translucent door.
 11765 | Gauntlet | Found a transporter.
 11775 | Gauntlet | Found a transporter.
 11778 | Gauntlet | Found a transporter.
 11789 | Gauntlet | Found a transporter.
 11791 | Gauntlet | Found a transporter.
 11793 | Gauntlet | Found a runed translucent door.
 11794 | Gauntlet | Noticed a large abomination
 11795 | Gauntlet | Found a runed translucent door.
 11797 | Gauntlet | Found a transporter.
 11815 | Gauntlet | Found a transporter.
 11832 | Gauntlet | Found a transporter.
 11835 | Gauntlet | Found a transporter.
 11841 | Gauntlet | Noticed a blizzard demon
 11842 | Gauntlet | Noticed a death scarab
 11845 | Gauntlet | Found a transporter.
 12376 | Gauntlet | Slain by a death scarab

Illustrated notes

Levels and vault maps discovered:
D:1:      lightli_arrival_flooded_house, layout_basic
D:2:      layout_loops_cross, st_stairs_5, pf_guarded_unrand_delatra
D:3:      layout_basic, dancing_weapons_uskayaw
D:4:      layout_rooms, nzn_hepliaklqana_mist_gate, tgw_trog,
          portal_sewer_entry_a, minmay_liquid_box, grunt_ministairs_2,
          minmay_tree_intersection, uniq_eustachio, uniq_duvessa, uniq_pikel
D:5:      layout_basic, vehumet_statue, nicolae_sif_muna_condensation,
          lemuel_doored_altar, minmay_temple_entry_wispy,
          kennysheep_generic_room_12
D:6:      layout_cave_pods, nicolae_overflow_crystal_walls,
          nicolae_water_bricks, uniq_blork_the_orc
D:7:      layout_basic, kennysheep_mini_moat, uniq_menkaure
D:8:      gammafunk_wand_slinger, layout_loops_cross,
          nicolae_overflow_two_pavilions, nicolae_yredelemnul_ghost_church,
          kennysheep_slug_shrine, uniq_maurice
D:9:      layout_cave_pools, kennysheep_mini, david_lair_shrubbed
Temple:   nicolae_temple_great_sept
Lair:1:   layout_loops_ring, minmay_stone_trees_medium
Lair:2:   layout_loops_ring, spider_nest_entry_funnel_web,
          infiniplex_staircase_pool_2, lemuel_fruit_fields
Lair:3:   layout_chaotic_city, shoals_dummy_entry, gauntlet_entry_generic,
          ebering_ghost_rock_garden, serial_bayou_ford_a, serial_bayou_lagoon_a
Gauntlet: minmay_gauntlet_mixed_big_or_small [gammafunk_gauntlet_arena_teeth,
          minmay_gauntlet_arena_77_shame_cube,
          gammafunk_gauntlet_arena_split_diamond,
          minmay_gauntlet_arena_77_p_blocks, nicolae_gauntlet_arena_x,
          minmay_gauntlet_arena_77_cramped, dreamdust_gauntlet_exit_labyrinth]

Skill      XL: |  1  2  3  4  5  6  7  8  9 10 11 |
---------------+----------------------------------+-----
Shields        | 3 4 5 6 7 8 |  8.9
Unarmed Combat | 3 4 6 7 8 10 11 13 | 13.0
Fighting       | 3 4 5 6 7 8 |  8.1
Dodging        | 3 5 6 |  6.3

Action                     |  1- 3 |  4- 6 |  7- 9 | 10-12 || total
---------------------------+-------+-------+-------+-------++-------
  Melee: Unarmed           |    87 |   155 |   331 |   336 ||   909
  Throw: Stone             |       |       |     6 |    34 ||    40
Ability: Lunge             |       |       |       |    15 ||    15
         Whirlwind         |       |       |       |     8 ||     8
  Evoke: Wand              |       |       |     8 |     3 ||    11
    Use: Potion            |       |       |     1 |     1 ||     2
         Scroll            |       |       |       |    20 ||    20
   Stab: Sleeping          |     2 |     1 |       |       ||     3
 Armour: Robe              |    43 |    46 |    69 |       ||   158
         Steam dragon scal |       |       |    45 |    89 ||   134
  Dodge: Dodged            |    39 |    38 |    92 |   104 ||   273
  Block: Kite shield       |    34 |    68 |   148 |   157 ||   407

Table legend: (Time is in decaauts)
 A = Elapsed time spent in this place.
 B = Non-inter-level travel time spent in this place.
 C = Inter-level travel time spent in this place.
 D = Time resting spent in this place.
 E = Time spent auto-exploring this place.
 F = Levels seen in this place.
 G = Mean time per level.
                   A        B        C        D        E       F      G
               +--------+--------+--------+--------+--------+-----+--------+
         Total |  12371 |  11979 |    392 |   3226 |   6235 |  15 |  824.7 |
       Dungeon |   8503 |   8167 |    336 |   1922 |   4601 |   9 |  944.8 |
        Temple |     91 |     91 |      0 |      0 |     67 |   1 |   91.0 |
          Lair |   2961 |   2905 |     56 |   1036 |   1356 |   3 |  987.0 |
         Sewer |    187 |    187 |      0 |      0 |     89 |   1 |  187.0 |
      Gauntlet |    627 |    627 |      0 |    268 |    122 |   1 |  627.0 |
               +--------+--------+--------+--------+--------+-----+--------+

Top non-repeatable levels by time:
  Lair:2: 1760 daAuts
     D:8: 1478 daAuts
     D:9: 1096 daAuts
     D:6: 1042 daAuts
     D:2: 982 daAuts
  Lair:1: 948 daAuts
     D:5: 915 daAuts
     D:7: 806 daAuts
     D:1: 780 daAuts
     D:4: 729 daAuts
     D:3: 671 daAuts
Gauntlet: 627 daAuts
  Lair:3: 253 daAuts
   Sewer: 187 daAuts
  Temple: 91 daAuts
